 Dungeon Crawl Stone Soup version 0.29.0-15-g675c0067aa (webtiles) character file.

Game seed: 10731527704506854498

3039 KamiKatze the Cleaver (level 9, -26/78 HPs)
             Began as a Gargoyle Fighter on Sept 11, 2022.
             Was a Follower of Trog.
             Annihilated by an orc knight
             ... wielding a +0 halberd
              (29 damage)
             ... in a bailey.
             The game lasted 00:20:48 (5939 turns).

KamiKatze the Cleaver (Gargoyle Fighter)            Turns: 5939, Time: 00:20:48

Health: -26/78     AC: 17    Str: 24    XL:     9   Next: 86%
Magic:  9/9        EV: 10    Int:  9    God:    Trog [*.....]
Gold:   195        SH:  4    Dex:  9    Spells: 8/8 levels left

rFire   . . .      SeeInvis .   a - +1 war axe (venom)
rCold   + . .      Faith    .   c - +0 buckler
rNeg    + . .      Spirit   .   b - +1 scale mail
rPois   ∞          Reflect  .   (no helmet)
rElec   +          Harm     .   A - +0 cloak
rCorr   +          Rampage  .   (no gloves)
Will    +....                   B - +0 pair of boots
Stlth   ..........              C - amulet of Modesty {Will+ Regen+}
HPRegen 1.03/turn               u - ring of resist corrosion
MPRegen 0.11/turn               v - ring of protection from cold

@: berserking, very quick
A: sickness immunity, AC +6, negative energy resistance 1, electricity
resistance, torment resistance 1, petrification resistance
a: Renounce Religion, Berserk


You were in a bailey.
You worshipped Trog.
Trog was aware of your devotion.
You visited 2 branches of the dungeon, and saw 8 of its levels.
You also visited: Ossuary and Bailey.

You collected 401 gold pieces.
You spent 206 gold pieces at shops.

Inventory:

Hand Weapons
 a - a +1 war axe of venom (weapon)
 y - a +2 spear of freezing
Missiles
 o - 21 stones (quivered)
Armour
 b - a +1 scale mail (worn)
 c - a +0 buckler (worn)
 m - a +0 chain mail
 z - a +0 plate armour
 A - a +0 cloak (worn)
 B - a +0 pair of boots (worn)
Jewellery
 u - a ring of resist corrosion (left hand)
 v - a ring of protection from cold (right hand)
 C - the amulet of Modesty (around neck) {Will+ Regen+}
   (You found it on level 6 of the Dungeon)

   [amulet of regeneration]

   Regen:     It increases your rate of health regeneration.
   Will:      It increases your willpower.
Wands
 q - a wand of iceblast (9)
Scrolls
 l - 2 scrolls of teleportation
 p - 3 scrolls of enchant armour
 r - a scroll of blinking
 w - 5 scrolls of butterflies
Potions
 d - 4 potions of might
 e - a potion of mutation
 f - 7 potions of curing
 g - 3 potions of heal wounds
 h - a potion of magic {unknown}
 i - 2 potions of resistance {unknown}
 j - a potion of degeneration {unknown}
 k - 4 potions of haste
 n - 4 potions of brilliance {unknown}
 s - 2 potions of flight {unknown}
 x - a potion of lignification {unknown}
 D - a potion of cancellation {unknown}


   Skills:
 + Level 4.6 Fighting
 * Level 10.3 Axes
 - Level 2.0 Throwing
 + Level 4.6 Armour
 + Level 1.5 Dodging
 + Level 4.6 Shields
 + Level 3.5 Evocations


You had 8 spell levels left.
You didn't know any spells.
Your spell library contained the following spells:

 Spells                   Type           Power      Damage    Failure   Level
 Necrotise                Necr           0%         1d4       77%         1
 Gell's Gravitas          Tloc           0%         N/A       98%         3
 Lesser Beckoning         Tloc           0%         N/A       98%         3
 Teleport Other           Tloc           0%         N/A       98%         3
 Vampiric Draining        Necr           0%         2d6       98%         3
 Agony                    Necr           0%         N/A       100%        5


Dungeon Overview and Level Annotations

Branches:
Dungeon (7/15)             Temple (1/1) D:7         Ossuary (visited)
 Bailey (1/1)

Altars:
Ashenzari
Cheibriados
Dithmenos
Fedhas
Gozag
Hepliaklqana
Kikubaaqudgha
Makhleb
Nemelex Xobeh
Qazlal
Ru
Sif Muna
Trog
Uskayaw
Wu Jian
Xom
Yredelemnul
Zin

Shops:
D:3 !**[

Annotations:
D:2 1 runed translucent door, exclusion: door, Crazy Yiuf


Innate Abilities, Weirdness & Mutations

You are immune to sickness and miasma.
Your stone body is resilient. (AC +6)
You are immune to poison.
You resist negative energy. (rN+)
You are resistant to electric shocks. (rElec)
You are resistant to unholy torment.
You are immune to petrification.


Message History

The orc knight is engulfed in poison gas.
The orc knight is poisoned.
The orc knight roars a battlecry!
The orc knight goes into a battle-frenzy!
The orc knight is engulfed in poison gas.
The orc knight looks as sick as possible!
The orc knight barely misses you.
The orc knight is engulfed in poison gas.
The orc knight looks even sicker.
The orc knight is engulfed in poison gas.
The orc knight looks as sick as possible!
The orc knight hits you from afar with a +0 trident!
The orc knight is engulfed in poison gas.
The orc knight looks even sicker.
Unknown command.
The orc knight is engulfed in poison gas.
The orc knight looks as sick as possible!
The orc knight hits you with a +0 trident!
* * * LOW HITPOINT WARNING * * *
Unknown command.
A red film seems to cover your vision as you go berserk!
You feel yourself moving faster!
You feel mighty!
The orc knight is engulfed in poison gas.
The orc knight looks as sick as possible!
The orc knight hits you but does no damage.
You slice the orc knight!!
You kill the orc knight!
Trog accepts your kill.
Your Dodging skill increases to level 1!
The orc knight hits you with a +0 halberd!!
* * * LOW HITPOINT WARNING * * *
Things that are here:
a +0 trident; a +0 ring mail You slash the orc knight!
The orc knight is heavily wounded.
You slash the orc knight!
The orc knight looks as sick as possible!
The orc knight is severely wounded.
The orc knight hits you with a +0 halberd!!
You die...

##..≈§≈.≈≈≈..'#...##..~.#
#..§≈.....≈≈§.##.##..~o.#
..§≈...⌠...≈≈§.#'#..~).##
......⌠∩⌠......#'#..~~.∩#
'..≈≈.....≈≈.§## ##.)~~.#
#..≈≈≈≈§≈≈..## ##..~.#
#..o.o.o..## ##.~.#
#######+###'#########.○.#
)..##.....##○°.o@..○○§°.#
~~..##.∩.##°☼°~°~○☼)~~~○#
.~~..## ##..~☼○☼☼°.°○○..#
..~~..###..~°○○##########
#..~~.....~~§☼##
##..~~~~~~~☼☼##
##........○## ###########


You could see an orc knight (strong, extremely poisoned).

Vanquished Creatures
  An orc knight (Bailey)
  A hornet (D:6)
  A water moccasin (D:6)
  4 orc warriors (Bailey)
  2 sky beasts (D:6)
  An ice beast (D:5)
  A phantom (D:4)
  4 elf zombies (Ossuary)
  5 scorpions
  A necrophage (D:5)
  A howler monkey (D:6)
  3 jellies
  4 centaur zombies (Ossuary)
  4 human zombies (Ossuary)
  An orc priest (D:5)
  3 hounds
  Jessica (D:2)
  3 iguanas
  3 orc wizards
  3 mummies (Ossuary)
  3 gnolls
  6 adders
  An ufetubus (D:5)
  A worm (D:4)
  3 dart slugs
  23 orcs
  2 ball pythons
  4 endoplasms
  3 giant cockroaches
  12 goblins
  5 hobgoblins
  8 jackals
  3 quokkas
  4 bats
  8 frilled lizards
  6 kobolds
  4 rats (D:1)
143 creatures vanquished.

Vanquished Creatures (collateral kills)
  An orc (D:3)
1 creature vanquished.

Vanquished Creatures (others)
  7 fungi (D:1)
7 creatures vanquished.

Grand Total: 151 creatures vanquished

Notes
Turn   | Place    | Note
-------+----------+-------------------------------------------
     0 | D:1      | KamiKatze the Gargoyle Fighter began the quest for the Orb.
     0 | D:1      | Reached XP level 1. HP: 14/14 MP: 1/1
     4 | D:1      | Found a faded altar of an unknown god.
   170 | D:1      | Reached skill level 2 in Axes
   170 | D:1      | Reached XP level 2. HP: 17/19 MP: 2/2
   500 | D:1      | Reached XP level 3. HP: 23/23 MP: 3/3
   751 | D:2      | Noticed Jessica
   757 | D:2      | Killed Jessica
   758 | D:2      | Reached XP level 4. HP: 24/29 MP: 4/4
   902 | D:2      | Reached skill level 1 in Evocations
  1032 | D:2      | Found a runed translucent door.
  1033 | D:2      | Noticed Crazy Yiuf
  1356 | D:3      | Found Qilij's Antique Armour Emporium.
  1371 | D:3      | Reached skill level 1 in Throwing
  1386 | D:3      | Found Paqicug's Assorted Antiques.
  1392 | D:3      | Bought a cyan potion for 20 gold pieces
  1392 | D:3      | Bought a cyan potion for 20 gold pieces
  1392 | D:3      | Bought a scroll labelled QAEFUBEDGHOCVY for 23 gold pieces
  1392 | D:3      | Bought a scroll labelled CUIMOMP OSKI for 23 gold pieces
  1631 | D:3      | Found a snail-covered altar of Cheibriados.
  1645 | D:3      | Reached skill level 3 in Axes
  1645 | D:3      | Reached XP level 5. HP: 20/33 MP: 5/5
  1895 | D:3      | Found Hubotzor's Distillery.
  2004 | D:3      | Bought a potion of might for 48 gold pieces
  2019 | D:3      | Found Dato's Assorted Antiques.
  2339 | D:4      | Reached XP level 6. HP: 37/38 MP: 6/6
  2455 | D:4      | Found a blossoming altar of Fedhas.
  2635 | D:4      | Reached skill level 4 in Axes
  2827 | D:5      | Entered Level 5 of the Dungeon
  2895 | D:5      | Reached XP level 7. HP: 28/43 MP: 7/7
  2914 | D:5      | Found a shimmering blue altar of Sif Muna.
  2941 | D:5      | Found a sand-covered staircase.
  2947 | Ossuary  | Entered an ossuary
  3094 | Ossuary  | Reached skill level 5 in Axes
  3307 | Ossuary  | Reached skill level 6 in Axes
  3404 | Ossuary  | Reached XP level 8. HP: 47/48 MP: 8/8
  3453 | Ossuary  | Reached skill level 7 in Axes
  4068 | D:5      | Reached skill level 8 in Axes
  4080 | D:5      | Found a stormy altar of Qazlal.
  4296 | D:5      | Found an ornate altar of the Wu Jian Council.
  4296 | D:5      | Found a shadowy altar of Dithmenos.
  4592 | D:3      | Bought a scroll labelled SULOTH ZIRU for 18 gold pieces
  4592 | D:3      | Bought a scroll labelled CIPOTUOKECK for 18 gold pieces
  4592 | D:3      | Bought a scroll labelled EMECRU TUPN for 18 gold pieces
  4592 | D:3      | Bought a scroll labelled ZOCED ZAON for 18 gold pieces
  4738 | D:6      | Noticed a hornet
  4742 | D:6      | Killed a hornet
  4743 | D:6      | Reached skill level 9 in Axes
  4743 | D:6      | Reached XP level 9. HP: 39/52 MP: 9/9
  4763 | D:6      | Identified the amulet of Modesty {Will+ Regen+}
  5436 | D:7      | Found a staircase to the Ecumenical Temple.
  5443 | Temple   | Entered the Ecumenical Temple
  5449 | Temple   | Reached skill level 10 in Axes
  5462 | Temple   | Became a worshipper of Trog the Wrathful
  5570 | D:7      | Found a flagged portal.
  5587 | Bailey   | Entered a bailey
  5744 | Bailey   | Reached * piety under Trog
  5801 | Bailey   | Noticed an orc knight
  5912 | Bailey   | Noticed an orc knight
  5936 | Bailey   | Killed an orc knight
  5937 | Bailey   | Reached skill level 1 in Dodging
  5937 | Bailey   | HP: 1/78 [orc knight/+0 halberd (35)]
  5939 | Bailey   | Annihilated by an orc knight

Illustrated notes

Levels and vault maps discovered:
D:1:      scummos_arrival_checkerplants, layout_loops_cross,
          basic_ecumenical_altar, grunt_decor_clamped
D:2:      layout_basic, uniq_crazy_yiuf_cottage, uniq_jessica
D:3:      layout_loops_corners, old_standard_altar, serial_shops,
          nicolae_diamond_shop, nicolae_shop_waterfront, shop_fountains,
          nicolae_shop_behind_doors
D:4:      layout_basic, mainiacjoe_overflow_chevrons, chequers_mini_garden
D:5:      layout_rooms, mainiacjoe_overflow_brackets,
          nicolae_qazlal_scattered_showers, gammafunk_temple_overflow_elements,
          enter_ossuary_2, kennysheep_generic_room_5
D:6:      layout_gridville
D:7:      minmay_cornered_nines, layout_basic, mainiacjoe_overflow_tiny_flanked,
          minmay_temple_entry_gardened_gates, enter_bailey_3, serial_shops,
          kennysheep_mini, minmay_holes, sword_in_stone, uniq_maggie,
          uniq_joseph
Temple:   hellmonk_temple_two_chambers
Bailey:   bailey_polearm_1, bailey

Skill      XL: |  1  2  3  4  5  6  7  8  9 |
---------------+----------------------------+-----
Axes           | 2 3 4 6 9 10 | 10.3
Evocations     | 1 2 3 |  3.5
Throwing       | 1 2 |  2.0
Fighting       | 4 |  4.6
Armour         | 4 |  4.6
Shields        | 4 |  4.6
Dodging        | 1 |  1.5

Action                   |  1- 3 |  4- 6 |  7- 9 || total
-------------------------+-------+-------+-------++-------
Melee: War axe           |    69 |   155 |   347 ||   571
       Spear             |       |       |    31 ||    31
Throw: Stone             |       |     5 |       ||     5
Invok: Berserk           |       |       |     1 ||     1
Evoke: Wand              |       |       |     1 ||     1
  Use: Scroll            |       |    14 |     7 ||    21
       Potion            |       |     1 |     1 ||     2
Armor: Scale mail        |    38 |    88 |   211 ||   337
Dodge: Dodged            |    24 |    67 |   173 ||   264
Block: Buckler           |    20 |    38 |    74 ||   132
